 Dungeon Crawl Stone Soup version 0.18-a0-902-g8738618 (webtiles) character file.

856 GeneralIdiocy the Chopper (level 8, -1/58 HPs)
             Began as a Formicid Fighter on Dec 24, 2015.
             Was a Follower of Okawaru.
             Slain by an orc warrior
             ... wielding a +0 glaive
              (5 damage)
             ... on level 5 of the Dungeon.
             The game lasted 00:08:01 (4666 turns).

GeneralIdiocy the Chopper (Formicid Fighter)        Turns: 4666, Time: 00:08:01

Health: -1/58      AC:  8    Str: 23    XL:     8   Next: 22%
Magic:  8/8        EV:  4    Int:  8    God:    Okawaru [*.....]
Gold:   151        SH: 11    Dex: 10    Spells: 0 memorised, 7 levels left

rFire  . . .     SeeInvis +     a - +0 war axe
rCold  . . .     Gourm    .     b - +0 scale mail
rNeg   . . .     Faith    .     c - +1 shield
rPois  .         Spirit   .     (helmet unavailable)
rElec  .         Dismiss  .     o - +0 cloak
rCorr  .         Reflect  .     (no gloves)
SustAt .         Harm     .     (no boots)
MR     .....                    (no amulet)
Stlth  ..........               (no ring)
                                (no ring)

@: not resistant to hostile enchantments, extremely unstealthy
A: permanent stasis, dig shafts and tunnels, four strong arms, antennae 3
a: Dig, Shaft Self, Heroism, Renounce Religion


You were on level 5 of the Dungeon.
You worshipped Okawaru.
Okawaru was aware of your devotion.
You were not hungry.

You visited 2 branches of the dungeon, and saw 6 of its levels.

You collected 151 gold pieces.

Inventory:

Hand Weapons
 a - a +0 war axe (weapon)
Armour
 b - a +0 scale mail (worn)
 c - a +1 shield (worn)
 o - a +0 cloak (worn)
Jewellery
 e - an uncursed amulet of inaccuracy
Wands
 g - a wand of polymorph (5/24)
 n - a wand of slowing (29/48)
 q - a wand of polymorph (15/24)
 w - a wand of teleportation (3/9)
Scrolls
 d - a scroll of teleportation {unknown}
 m - 2 scrolls of amnesia
 u - a scroll of recharging {unknown}
 v - a scroll of fear {unknown}
 x - a scroll of enchant armour
 B - 2 scrolls of blinking {unknown}
Potions
 i - a potion of magic
 j - a potion of flight
 l - 3 potions of curing
 p - a potion of agility
 s - a potion of lignification {unknown}
 t - 3 potions of resistance
 z - a potion of invisibility {unknown}
 A - a potion of ambrosia {unknown}
Comestibles
 f - 2 bread rations
 h - 8 fruits
 k - a beef jerky
 r - 3 meat rations


   Skills:
 - Level 3.2 Fighting
 * Level 6.5 Axes
 + Level 5.7 Armour
 + Level 6.3 Shields


You had 7 spell levels left.
You didn't know any spells.

Dungeon Overview and Level Annotations

Branches:
Dungeon (5/15)             Temple (1/1) D:4

Altars:
Ashenzari
Cheibriados
Fedhas
Gozag
Kikubaaqudgha
Makhleb
Okawaru
Pakellas
Ru
Yredelemnul
Zin

Shops:
D:4 *


Innate Abilities, Weirdness & Mutations

You are under a permanent stasis effect.
You can dig through walls and to a lower floor.
Your four strong arms can wield two-handed weapons with a shield.
You have a pair of large antennae on your head (SInv).


Message History

The orc warrior hits you with a glaive!!
* * * LOW HITPOINT WARNING * * *
Evoke which item? (* to show all) (? for menu, Esc to quit)
Okay, then.
Drink which item? (? for menu, Esc to quit)
Okay, then.
You closely miss the orc warrior.
The orc warrior is severely wounded.
Evoke which item? (* to show all) (? for menu, Esc to quit)
Zapping:
w - a wand of teleportation (will waste charges)
Press: ? - help, Shift-Dir - straight line, f - you
Okay, then.
You hit the orc warrior but do no damage.
The orc warrior is severely wounded.
The orc warrior hits you with a glaive!
* * * LOW HITPOINT WARNING * * *
The orc warrior barely misses you.
There is a stone staircase leading up, spattered with blood here.
The orc warrior hits you from afar with a glaive.
You die...

#... #..# .# ##..# ..# ...# ..#
..## ... #..######.###
#.###...........# ....[....#
#.####### #####
##.####..######.@.....######.....
#.........#####.(...#......
##.###...o# ##............
##.#......# ##.............
#....#....###..............
####†##.#####....#............
##....##.......#########.......
#..#############......##.......
#.....(.########......###......


You could see an orc warrior.

Vanquished Creatures
  The ghost of mossfogg the Skirmisher, an amateur MiBe of Trog (D:3)
  A sky beast (D:5)
  An ogre (D:4)
  A centaur (D:5)
  An orc priest (D:4)
  2 iguanas
  Crazy Yiuf (D:2)
  Ijyb (D:3)
  Natasha (thrice) (D:2)
  A worker ant (D:4)
  A gnoll (D:1)
  6 adders
  A shadow imp (D:5)
  2 oozes
  3 worms
  3 giant geckos
  7 orcs
  5 giant cockroaches
  2 hobgoblins (D:2)
  12 jackals
  8 kobolds
  3 quokkas (D:3)
  A ball python (D:2)
  8 bats
  4 giant newts
  5 goblins
  7 rats
  A spectral orc (D:4)
92 creatures vanquished.

Notes
Turn   | Place    | Note
--------------------------------------------------------------
     0 | D:1      | GeneralIdiocy the Formicid Fighter began the quest for the Orb.
     0 | D:1      | Reached XP level 1. HP: 18/18 MP: 1/1
   100 | D:1      | Reached XP level 2. HP: 12/24 MP: 2/2
   659 | D:1      | You fall through a shaft!
   663 | D:2      | Reached XP level 3. HP: 27/29 MP: 3/3
   687 | D:2      | Noticed Natasha
   713 | D:2      | Killed Natasha
   713 | D:2      | Reached skill level 4 in Shields
   713 | D:2      | Reached XP level 4. HP: 7/35 MP: 4/4
   784 | D:2      | Noticed Natasha
   827 | D:3      | Noticed mossfogg's ghost (amateur MiBe)
   996 | D:2      | Killed Natasha
  1092 | D:2      | Noticed Crazy Yiuf
  1098 | D:2      | Killed Crazy Yiuf
  1179 | D:2      | Reached XP level 5. HP: 32/41 MP: 5/5
  1277 | D:2      | Found a sacrificial altar of Ru.
  1280 | D:2      | Found a glowing silver altar of Zin.
  1283 | D:2      | Found a burning altar of Makhleb.
  1574 | D:3      | Killed mossfogg's ghost
  1574 | D:3      | Reached skill level 5 in Axes
  1574 | D:3      | Reached skill level 5 in Shields
  1574 | D:3      | Reached XP level 6. HP: 17/47 MP: 6/6
  1606 | D:3      | Reached XP level 7. HP: 18/52 MP: 7/7
  2382 | D:2      | Noticed Natasha
  2386 | D:2      | Killed Natasha
  2425 | D:3      | Reached skill level 5 in Armour
  2693 | D:3      | Noticed Ijyb
  2706 | D:3      | Killed Ijyb
  2850 | D:4      | Found a staircase to the Ecumenical Temple.
  2874 | D:4      | Found Boczam's General Store.
  2894 | Temple   | Entered the Ecumenical Temple
  2911 | Temple   | Became a worshipper of Warmaster Okawaru
  3671 | D:4      | Found an opulent altar of Gozag.
  4108 | D:4      | Found a basalt altar of Yredelemnul.
  4150 | D:5      | Entered Level 5 of the Dungeon
  4174 | D:5      | Reached * piety under Okawaru
  4174 | D:5      | Reached skill level 6 in Axes
  4174 | D:5      | Reached XP level 8. HP: 41/58 MP: 8/8
  4264 | D:5      | Gained mutation: Scrolls take you a little longer to read. [mutagenic meat]
  4265 | D:5      | Gained mutation: You are frail (-10% HP). [mutagenic meat]
  4266 | D:5      | Lost mutation: You are frail (-10% HP). [potion of cure mutation]
  4266 | D:5      | Lost mutation: Scrolls take you a little longer to read. [potion of cure mutation]
  4267 | D:5      | Gained mutation: You are somewhat resistant to further mutation. [mutagenic meat]
  4269 | D:5      | Lost mutation: You are somewhat resistant to further mutation. [potion of cure mutation]
  4270 | D:5      | Gained mutation: You are weak. (Str -2) [mutagenic meat]
  4271 | D:5      | Lost mutation: You are weak. (Str -2) [potion of cure mutation]
  4649 | D:5      | HP: 1/58 [orc warrior/glaive (8)]
  4666 | D:5      | Slain by an orc warrior

Vault maps used:
D:1:      matt_arrival_spirals
D:2:      grunt_temple_overflow_diamond, uniq_crazy_yiuf_cottage, uniq_natasha
D:3:      serial_forest, infiniplex_forest_split,
          infiniplex_forest_lined_room_2, infiniplex_forest_lined_3_way,
          infiniplex_forest_end_1, infiniplex_forest_clump_small,
          infiniplex_forest_lined_room_3, first_bread, uniq_iyjb
D:4:      grunt_gozag_statues, yredelemnul_forgotten_temple_becter,
          minmay_temple_entry_poolview, serial_shops, shop
D:5:      lemuel_crystal_altar
Temple:   zaba_magenta_temple_12

Action                   |  1- 3 |  4- 6 |  7- 9 || total
-------------------------+-------+-------+-------++-------
Melee: War axe           |    62 |    94 |   171 ||   327
       Unarmed           |       |     3 |     2 ||     5
  Use: Scroll            |       |     7 |     3 ||    10
       Potion            |       |     1 |     3 ||     4
  Eat: Chunk             |       |     2 |    15 ||    17
